 Dungeon Crawl Stone Soup version 0.25.1-8-g42b30a86e7 (webtiles) character file.

Game seed: 14242643468420744835

3444 OdinFK the Slinger (level 10, -17/72 HPs)
             Began as a Halfling Hunter on Dec 23, 2020.
             Was a Priest of Nemelex Xobeh.
             Demolished by a large abomination (26 damage)
             ... on level 1 of the Abyss.
             The game lasted 00:43:28 (7523 turns).

OdinFK the Slinger (Halfling Hunter)                Turns: 7523, Time: 00:43:29

Health: -17/72     AC: 15    Str: 16      XL:     10   Next: 26%
Magic:  12/12      EV: 11    Int:  9      God:    Nemelex Xobeh [***...]
Gold:   614        SH:  0    Dex: 14 (16) Spells: 9/11 levels left

rFire    . . .     SeeInvis .   a - +1 hunting sling
rCold    . . .     Gourm    .   (shield restricted)
rNeg     + . .     Faith    .   k - +2 chain mail {rPois}
rPois    +         Spirit   .   (no helmet)
rElec    .         Reflect  .   (no cloak)
rCorr    .         Harm     .   (no gloves)
MR       .....                  (no boots)
Stlth    ..........             y - amulet of regeneration
HPRegen  0.62/turn              g - ring of positive energy
MPRegen  0.13/turn              L - +4 ring of protection

@: very slightly contaminated
A: small, mutation resistance 1
a: Draw Escape, Draw Destruction, Draw Summoning, Triple Draw, Renounce Religion


You were on level 1 of the Abyss.
You worshipped Nemelex Xobeh.
Nemelex Xobeh was most pleased with you.
You were very hungry.

You visited 1 branch of the dungeon, and saw 8 of its levels.
You visited the Abyss 1 time.
You also visited: Ossuary.

You collected 614 gold pieces.

Inventory:

Hand Weapons
 a - a +1 hunting sling (weapon)
 b - a +1 short sword of venom
 l - a +4 dagger
Missiles
 d - 50 sling bullets (quivered)
 j - 240 stones
 o - 6 poisoned darts
 E - a silver boomerang
 O - 8 atropa-tipped darts
Armour
 k - a +2 chain mail of poison resistance (worn)
Jewellery
 g - a ring of positive energy (left hand)
 y - an amulet of regeneration (around neck)
 B - an uncursed ring of flight
 D - a +6 ring of intelligence
 G - an uncursed ring of stealth
 H - an uncursed ring of resist corrosion
 J - an uncursed amulet of magic regeneration
 L - a +4 ring of protection (right hand)
 P - an uncursed ring of magical power
Wands
 n - a wand of disintegration (22)
 C - a wand of digging (5)
 I - a wand of flame (18)
 N - a wand of enslavement (9)
Scrolls
 e - 4 scrolls of fear
 i - a scroll of identify
 q - a scroll of noise {unknown}
 t - 4 scrolls of teleportation
 u - 7 scrolls of remove curse
 v - a scroll of enchant armour {unknown}
 x - 3 scrolls of blinking
 F - 3 scrolls of fog
Potions
 c - 7 potions of curing
 h - 2 potions of haste
 m - 3 potions of stabbing
 p - a potion of berserk rage {unknown}
 r - 2 potions of mutation {unknown}
 s - 3 potions of flight
 w - 6 potions of heal wounds
 A - a potion of magic {unknown}
 K - 2 potions of cancellation {unknown}
 M - 2 potions of lignification {unknown}
 Q - a potion of might {unknown}
Comestibles
 f - 15 rations


   Skills:
 + Level 8.1 Fighting
 - Level 3.0 Short Blades
 + Level 12.1 Slings
 + Level 5.2 Armour
 + Level 3.8 Dodging
 - Level 1.1 Stealth
 - Level 1.0 Spellcasting
 - Level 3.0 Translocations
 - Level 3.0 Invocations


You had 9 spell levels left.
You knew the following spells:

 Your Spells              Type           Power        Failure   Level  Hunger
a - Blink                 Tloc           N/A          94%         2    ###....

Your spell library contained the following spells:

 Spells                   Type           Power        Failure   Level  Hunger
 Magic Dart               Conj           #...         99%         1    ##.....
 Call Imp                 Summ           #.......     100%        2    ###....
 Slow                     Hex            #.......     100%        2    ###....
 Conjure Flame            Conj/Fire      #.......     100%        3    ####...
 Mephitic Cloud           Conj/Pois/Air  #.......     100%        3    ####...


Dungeon Overview and Level Annotations

Branches:
Dungeon (8/15)             Temple (0/1) D:5         Ossuary (visited)
   Lair: D:8-11

Altars:
Ashenzari
Dithmenos
Fedhas
Gozag
Hepliaklqana
Nemelex Xobeh
Qazlal
Ru
Vehumet

Annotations:
D:7 iron dragon


Innate Abilities, Weirdness & Mutations

You are small and have problems with some larger weapons.
You are somewhat resistant to further mutation.


Message History

Press: ? - help, Shift-Dir - straight line, f/p - large abomination
Aim: a large abomination (almost destroyed)
You shoot a sling bullet.
The sling bullet closely misses the large abomination.
The large abomination hits you!!
* * * LOW HITPOINT WARNING * * *
Firing (i - inventory. (/) - cycle)
d - 52 sling bullets (quivered)
Press: ? - help, Shift-Dir - straight line, f/p - large abomination
Aim: a large abomination (almost destroyed)
You shoot a sling bullet.
The sling bullet hits the large abomination.
The large abomination is almost destroyed.
Firing (i - inventory. (/) - cycle)
d - 51 sling bullets (quivered)
Press: ? - help, Shift-Dir - straight line, f/p - large abomination
Aim: a large abomination (almost destroyed)
You shoot a sling bullet.
The sling bullet barely misses the large abomination.
The large abomination hits you!!
You die...
Your body glows slightly and disappears.

# # ### ##### #
. .. .... # .
########. .
#...#((.#.## ###
##.(((.##. .#
#@X##..## # ##
#.#(##.##.......
####.### ### ##.
((.((((.(. . #
### ###.### # #.
'# # . .#


You could see a large abomination.

Vanquished Creatures
  A hippogriff (D:7)
  A wraith (Abyss:1)
  A large abomination (Abyss:1)
  A water moccasin (D:7)
  2 phantoms (D:6)
  An ice beast (D:5)
  3 sky beasts
  A centaur (D:3)
  2 ogres
  An elf zombie (D:4)
  5 bullfrogs
  A scorpion (D:5)
  8 wights
  A quasit (D:7)
  5 crimson imps
  A human zombie (D:4)
  3 hounds
  A bullfrog skeleton (D:7)
  6 orc priests
  2 human skeletons (D:4)
  4 orc wizards
  Natasha (thrice) (D:4)
  2 iguanas
  4 worker ants
  A killer bee zombie (D:7)
  A hound zombie (D:5)
  8 mummies (Ossuary)
  11 adders
  A gnoll (D:7)
  2 shadow imps
  An ooze (D:5)
  An adder zombie (D:5)
  An adder skeleton (D:7)
  5 worms
  2 dart slugs
  7 leopard geckos
  33 orcs
  5 giant cockroaches
  A gnoll zombie (Ossuary)
  10 goblins
  13 hobgoblins
  8 jackals
  3 quokkas
  A ball python (D:1)
  11 bats
  6 frilled lizards
  2 hobgoblin zombies (Ossuary)
  5 kobolds
  A kobold zombie (Ossuary)
  A leopard gecko zombie (D:7)
  4 orc zombies (Ossuary)
  3 rats
208 creatures vanquished.

Notes
Turn   | Place    | Note
-------+----------+-------------------------------------------
     0 | D:1      | OdinFK the Halfling Hunter began the quest for the Orb.
     0 | D:1      | Reached XP level 1. HP: 14/14 MP: 1/1
    62 | D:1      | Reached skill level 6 in Slings
    73 | D:1      | Reached XP level 2. HP: 18/19 MP: 2/2
   498 | D:1      | Reached XP level 3. HP: 24/24 MP: 3/3
  1102 | D:2      | Reached XP level 4. HP: 23/30 MP: 4/4
  1180 | D:2      | Found a hazy altar of Hepliaklqana.
  1321 | D:2      | Found a shattered altar of Ashenzari.
  1509 | D:2      | Reached skill level 7 in Slings
  1652 | D:2      | Reached XP level 5. HP: 34/36 MP: 5/5
  1882 | D:3      | Found a sacrificial altar of Ru.
  2048 | D:3      | Noticed a centaur
  2064 | D:3      | Killed a centaur
  2064 | D:3      | Reached skill level 1 in Armour
  2064 | D:3      | Reached XP level 6. HP: 25/43 MP: 6/6
  2456 | D:3      | Found a sparkling altar of Nemelex Xobeh.
  2456 | D:3      | Found a faded altar of an unknown god.
  2519 | D:3      | Found a faded altar of an unknown god.
  2521 | D:3      | Became a worshipper of Nemelex Xobeh the Trickster
  2524 | D:3      | Found a stormy altar of Qazlal.
  2526 | D:3      | Found a shadowy altar of Dithmenos.
  2600 | D:3      | Received a gift from Nemelex Xobeh
  2608 | D:3      | Found a blossoming altar of Fedhas.
  2669 | D:3      | Found a faded altar of an unknown god.
  2751 | D:4      | Noticed Natasha
  2768 | D:4      | Killed Natasha
  2818 | D:4      | Noticed Natasha
  2829 | D:4      | Killed Natasha
  2847 | D:4      | Noticed Natasha
  2851 | D:4      | Killed Natasha
  2851 | D:4      | Reached skill level 1 in Short Blades
  2920 | D:4      | Reached XP level 7. HP: 15/49 MP: 7/7
  3072 | D:4      | Found a sand-covered staircase.
  3093 | D:4      | Reached skill level 8 in Slings
  3130 | Ossuary  | Entered an ossuary
  3332 | Ossuary  | Reached skill level 5 in Fighting
  3768 | D:4      | Learned a level 2 spell: Blink
  4032 | D:4      | Reached * piety under Nemelex Xobeh
  4084 | D:5      | Entered Level 5 of the Dungeon
  4136 | D:5      | Reached skill level 1 in Translocations
  4136 | D:5      | Reached XP level 8. HP: 55/55 MP: 8/8
  4246 | D:5      | Reached skill level 9 in Slings
  4321 | D:5      | Found an opulent altar of Gozag.
  4810 | D:5      | Reached skill level 10 in Slings
  4883 | D:5      | Found a staircase to the Ecumenical Temple.
  5054 | D:5      | Reached skill level 1 in Invocations
  5090 | D:5      | Reached XP level 9. HP: 49/62 MP: 8/10
  5411 | D:6      | Reached skill level 1 in Spellcasting
  5749 | D:6      | Reached ** piety under Nemelex Xobeh
  5790 | D:6      | Found a radiant altar of Vehumet.
  6007 | D:6      | Received a gift from Nemelex Xobeh
  6186 | D:7      | Noticed a hippogriff
  6196 | D:7      | Killed a hippogriff
  6196 | D:7      | Reached skill level 11 in Slings
  6268 | D:7      | Reached skill level 5 in Armour
  6598 | D:7      | Reached XP level 10. HP: 71/71 MP: 12/12
  6741 | D:7      | Received a gift from Nemelex Xobeh
  6755 | D:7      | Noticed an iron dragon
  6755 | D:7      | an orc changed into an iron dragon
  7253 | D:7      | Reached skill level 12 in Slings
  7323 | D:8      | Cast into level 1 of the Abyss (orc)
  7348 | Abyss:1  | Reached *** piety under Nemelex Xobeh
  7523 | Abyss:1  | Demolished by a large abomination

Illustrated notes

Levels and vault maps discovered:
D:1:      tarquinn_simple_flora_water_b, layout_basic, minmay_small_reverse_x
D:2:      layout_basic, ashenzari_conservatory_becter, lemuel_crystal_altar
D:3:      layout_rooms, overflow_temple_1_default,
          chequers_temple_overflow_minitemple, chequers_ecumenical_altar_grove,
          first_ration, fedhas_altar_3
D:4:      minmay_evil_eye, layout_gridville, nicolae_ossuary_entry_catacombs,
          lemuel_old_faithful, uniq_natasha
D:5:      layout_basic, minmay_temple_entry_statues, basic_altar
D:6:      layout_basic, vehumet_altar_wand_db
D:7:      layout_rooms
D:8:      layout_basic, okawaru_altar_gauntlet_db, uniq_maggie, uniq_gastronok
Abyss:1:  base:
D:1

Skill      XL: |  1  2  3  4  5  6  7  8  9 10 |
---------------+-------------------------------+-----
Slings         | 6 7 8 10 11 12 | 12.1
Fighting       | 2 3 4 5 6 7 8 |  8.1
Dodging        | 3 |  3.8
Armour         | 1 2 3 5 |  5.2
Short Blades   | 1 2 3 |  3.0
Translocations | 1 3 |  3.0
Invocations    | 1 3 |  3.0
Spellcasting   | 1 |  1.0
Stealth        | |  1.1

Action                   |  1- 3 |  4- 6 |  7- 9 | 10-12 || total
-------------------------+-------+-------+-------+-------++-------
Melee: Short sword       |    20 |     4 |   245 |   150 ||   419
       Dagger            |    24 |   128 |       |       ||   152
 Fire: Hunting sling     |    23 |   118 |   355 |    43 ||   539
Throw: Dart              |       |    12 |     6 |       ||    18
       Boomerang         |       |       |    29 |    19 ||    48
Invok: Draw Destruction  |       |     1 |     2 |     3 ||     6
  Use: Scroll            |       |       |     7 |     6 ||    13
  Eat: Chunk             |       |     6 |     8 |     2 ||    16
       Ration            |       |       |     1 |       ||     1
Armor: Leather armour    |     5 |       |       |       ||     5
       Scale mail        |    10 |    70 |     5 |       ||    85
       Chain mail        |       |       |   146 |   128 ||   274
Dodge: Dodged            |    46 |   146 |   117 |   109 ||   418
